 Dungeon Crawl Stone Soup version 0.16.1-14-g82efdee (webtiles) character file.

170756 KarvaRausku the Spry (level 18, -25/117 HPs)
             Began as a Tengu Gladiator on Apr 13, 2015.
             Was the Champion of Okawaru.
             Killed from afar by Roxanne (48 damage)
             ... with a crystal spear
             ... on level 5 of the Shoals on Apr 14, 2015.
             The game lasted 03:17:44 (37983 turns).

KarvaRausku the Spry (Tengu Gladiator)             Turns: 37983, Time: 03:17:44

Health: -25/117    AC: 24    Str: 33    XL:     18   Next: 0%
Magic:  31/31      EV: 33    Int: 12    God:    Okawaru [******]
Gold:   1114       SH: 21    Dex: 19    Spells: 2 memorised, 24 levels left

rFire  . . .     SeeInvis +     b - +7 war axe of Xoickupnee {freeze, -Cast rPois rN++ SInv}
rCold  . . .     Clarity  .     I - +7 scale mail "Sauhiune" {rF+ Str+6}
rNeg   + + .     SustAb   .     P - +2 large shield of Sunlight {+Inv rPois rC- Dex+2}
rPois  +         Gourm    .     L - +1 hat {MR+}
rElec  .         Spirit   .     K - +1 cloak
rCorr  .         Warding  .     E - +2 pair of gloves {Str+3}
rMut   .         Stasis   .     (boots unavailable)
MR     ++...     NoCast   +     m - amulet "Peenoiga" {+Blink rF- Regen+ Str+3 SInv}
Stlth  ..........               B - +3 ring of intelligence
                                W - ring of Shaolin {EV+8}

@: lethally poisoned (-25 -> -26), about to teleport, flying quickly and
evasively, quick, very resistant to hostile enchantments, extremely unstealthy
A: able to fly continuously, beak, talons 3, cold resistance 1
a: Stop Flying, Heroism, Finesse, Renounce Religion, Evoke Blink, Evoke
Invisibility


You were on level 5 of the Shoals.
You worshipped Okawaru.
Okawaru was exalted by your worship.
You were not hungry.

You visited 6 branches of the dungeon, and saw 35 of its levels.
You also visited: Labyrinth, Bailey and Volcano.

You collected 2751 gold pieces.
You spent 1637 gold pieces at shops.

Inventory:

Hand weapons
 a - the +8 whip "Ohounu" {slash, +Blink +Rage Str+4 Int-2}
   (You found it on level 4 of the Dungeon)

   It inflicts extra damage upon your enemies.
   It affects your strength (+4).
   It affects your intelligence (-2).
   It lets you blink.
   It lets you go berserk.
 b - the +7 war axe of Xoickupnee (weapon) {freeze, -Cast rPois rN++ SInv}
   (You bought it in a shop on level 4 of the Shoals)

   It has been specially enchanted to freeze those struck by it, causing extra
   injury to most foes and up to half again as much damage against particularly
   susceptible opponents.
   It can also slow down cold-blooded creatures.
   It protects you from poison.
   It greatly protects you from negative energy.
   It enhances your eyesight.
   It prevents spellcasting.
 d - a +2 vampiric demon blade
 z - the +7 flail of Inference {venom, +Fly rElec MR-}
   (You found it on level 2 of the Shoals)

   It poisons the flesh of those it strikes.
   It insulates you from electricity.
   It affects your resistance to hostile enchantments.
   It lets you fly.
 M - a +2 war axe of venom
 O - a +1 longbow of evasion
 Z - the +4 quarterstaff "Meateus" {crush, rF++ rN+ Str-3 Int+3 SInv}
   (You found it on level 8 of the Lair of Beasts)

   It inflicts extra damage upon your enemies.
   It affects your strength (-3).
   It affects your intelligence (+3).
   It greatly protects you from fire.
   It protects you from negative energy.
   It enhances your eyesight.
Missiles
 g - 3 throwing nets (quivered)
Armour
 E - a +2 pair of gloves of strength (worn)
 H - a +2 hat of intelligence
 I - the +7 scale mail "Sauhiune" (worn) {rF+ Str+6}
   (Okawaru gifted it to you on level 14 of the Dungeon)

   It affects your strength (+6).
   It protects you from fire.
 K - a +1 cloak (worn)
 L - a +1 hat of magic resistance (worn)
 P - the +2 large shield of Sunlight (worn) {+Inv rPois rC- Dex+2}
   (You found it on level 5 of the Lair of Beasts)

   It affects your dexterity (+2).
   It makes you vulnerable to cold.
   It protects you from poison.
   It lets you turn invisible.
Jewellery
 i - an uncursed ring of sustain abilities
 m - the amulet "Peenoiga" (around neck) {+Blink rF- Regen+ Str+3 SInv}
   (You took it off a hobgoblin on level 5 of the Dungeon)

   [amulet of regeneration]

   It affects your strength (+3).
   It makes you vulnerable to fire.
   It enhances your eyesight.
   It lets you blink.
   It increases your rate of regeneration.
 w - an uncursed ring of see invisible
 B - a +3 ring of intelligence (right hand)
 J - an uncursed amulet of guardian spirit
 W - the ring of Shaolin (left hand) {EV+8}
   (You bought it in a shop on level 4 of the Orcish Mines)

   [ring of evasion]

   It affects your evasion (+8).
Magical devices
 c - a wand of draining (2)
 p - a wand of teleportation (0)
 D - a wand of digging (24)
 N - a wand of cold (7)
 S - a wand of paralysis (8)
 V - a wand of fireball (3)
 X - a wand of frost (0)
Scrolls
 k - 6 scrolls of fog
 l - 2 scrolls of enchant armour
 q - 3 scrolls of identify
 v - 6 scrolls of enchant weapon
 x - 8 scrolls of teleportation
 A - a scroll of silence
 G - 2 scrolls of brand weapon
 Q - 12 scrolls of remove curse
 T - a scroll of acquirement
 Y - 4 scrolls of magic mapping
Potions
 e - 8 potions of restore abilities
 j - 3 potions of might
 n - 9 potions of curing
 o - 6 potions of agility
 r - 2 potions of haste
 C - a potion of heal wounds
 F - 3 potions of invisibility
 U - 2 potions of resistance
Books
 h - a book of Party Tricks

   Spells                             Type                      Level
   a - Summon Butterflies             Summoning                    1
   b - Apportation                    Translocation                1
   c - Tukima's Dance                 Hexes                        3
   d - Alistair's Intoxication        Transmutation/Poison         4
   e - Invisibility                   Hexes                        6
 y - a book of Spatial Translocations

   Spells                             Type                      Level
   a - Apportation                    Translocation                1
   b - Blink                          Translocation                2
   c - Shroud of Golubria             Charms/Translocation         2
   d - Portal Projectile              Translocation                3
   e - Teleport Other                 Translocation                3
   f - Passage of Golubria            Translocation                4
Comestibles
 f - 17 bread rations
 s - 10 fruits
 t - 2 chunks of flesh
 u - 13 meat rations


   Skills:
 * Level 14.3 Fighting
 + Level 7.3(12.2) Axes
 - Level 15.1(15.6) Maces & Flails
 - Level 2.1 Throwing
 * Level 15.0 Armour
 * Level 15.5 Dodging
 + Level 7.8 Shields
 - Level 5.1 Spellcasting
 - Level 2.1 Summonings
 * Level 8.2 Translocations


You had 24 spell levels left.
You knew the following spells:

 Your Spells              Type           Power        Failure   Level  Hunger
a - Blink                 Tloc           N/A          17%         2    ##.....
b - Summon Butterflies    Summ           #.......     97%         1    None


Dungeon Overview and Level Annotations

Branches:
Dungeon (14/15)            Temple (1/1) D:5            Lair (8/8) D:9
 Shoals (5/5) Lair:5        Snake (3/5) Lair:5        Slime (0/6) Lair:6
    Orc (4/4) D:12            Elf (0/3) Orc:4        Vaults (0/5) D:14

Altars:
Ashenzari
Cheibriados
Dithmenos
Elyvilon
Fedhas
Gozag
Kikubaaqudgha
Makhleb
Nemelex Xobeh
Okawaru
Qazlal
Ru
Sif Muna
Trog
Vehumet
Xom
Yredelemnul
Zin
The Shining One
Beogh

Shops:
D:6 *   D:7 =   Orc:4 ?==[   Shoals:1 *   Shoals:4 (   Snake:1 ([   Snake:2 ?

Annotations:
D:5 2 runed doors
Shoals:5 exclusion: Roxanne, Aizul, Roxanne


Innate Abilities, Weirdness & Mutations

You can fly continuously.
You have a beak for a mouth.
You have claws for feet.
Your flesh is cold resistant.


Message History

Read which item? (? for menu, Esc to quit)
As you read the scroll of teleportation, it crumbles to dust.
You feel strangely unstable.
You feel sick. You block Aizul's attack.
You block the snapping turtle's attack.
The merfolk impaler completely misses you.
Roxanne mumbles some strange words.
You blink.
A merfolk javelineer comes into view. It is wielding a spear.
Drink which item? (? for menu, Esc to quit)
You feel much better.
You feel sick.
The merfolk javelineer shouts!
Aizul casts a spell at you.
The bolt of poison hits Roxanne.
The bolt of poison misses you.
The merfolk javelineer throws a javelin of returning.
The javelin of returning hits you!!
* * * LOW HITPOINT WARNING * * *
The weapon returns to the merfolk javelineer!
Roxanne casts a spell.
The crystal spear hits you!
You die...

≈≈≈≈≈.......<.)...≈≈≈
≈≈≈≈≈≈......m#≈#≈≈≈≈≈
#≈≈≈≈≈≈....≈#≈≈≈# ≈≈≈
#≈≈≈≈≈≈....#≈≈≈≈≈#≈≈≈≈P
#≈≈≈≈≈≈≈...≈≈≈≈≈≈≈≈≈≈≈≈≈
#≈≈≈≈≈≈≈...#≈≈≈≈≈#≈≈.P.P
#≈≈≈≈≈≈≈...≈#≈≈≈#≈≈≈...P
..≈≈≈≈≈≈...≈#≈#≈.≈≈≈.P.P
...≈≈≈≈≈.......@..≈≈...P
...≈≈≈≈≈≈.............PP
..≈≈≈≈≈≈≈...§8m.m...##
.≈≈≈≈≈≈≈≈...Stm...P#
≈≈≈≈≈≈≈≈≈...........
≈≈≈≈≈≈≈≈≈.........
≈≈≈≈≈≈≈≈........
≈≈≈≈≈≈≈......≈
≈≈≈≈≈≈≈..?..


You could see Roxanne, Aizul, a merfolk impaler, a merfolk javelineer, a
snapping turtle and 2 merfolk.

Vanquished Creatures
  Norris (Shoals:4)
  Asterion (Shoals:4)
  A kraken (Shoals:3)
  Rupert (Snake:2)
  Kirke (Shoals:4)
  Frances (Shoals:4)
  Ilsuiw (Shoals:5)
  A greater naga (Snake:3)
  A frost giant (D:11)
  An orc warlord (Orc:2)
  2 stone giants
  2 grey draconians (D:12)
  A yellow draconian (D:11)
  2 vault guards (D:14)
  Snorg (Shoals:3)
  2 merfolk javelineers
  4 merfolk impalers
  A minotaur (Lab)
  Fannar (D:11)
  5 naga warriors
  9 hydras
  A merfolk aquamancer (Shoals:5)
  5 merfolk avatars
  An alligator snapping turtle (Shoals:5)
  2 satyrs (Shoals:4)
  5 anacondas
  3 centaur warriors
  3 death yaks (Lair:8)
  2 tengu warriors
  The ghost of KarvaRausku the Carver, a powerful TeGl of Okawaru (D:11)
  2 naga sharpshooters (Snake:2)
  A vampire mage (D:12)
  A shock serpent (Snake:3)
  Nergalle (Lair:3)
  A salamander mystic (D:12)
  A skeletal warrior (D:13)
  A wizard (D:14)
  14 sea snakes
  A naga ritualist (Snake:2)
  Pikel (D:5)
  3 necromancers (D:14)
  10 hill giants
  14 ugly things
  A wolf spider zombie (D:13)
  3 salamanders
  An orc knight (Bailey)
  3 mana vipers
  13 harpies
  4 fauns
  10 orc sorcerers
  2 wolf spiders (Orc:1)
  9 manticores
  5 griffons
  2 water nymphs
  13 black mambas
  9 sirens
  5 cyclopes
  Maurice (Orc:4)
  6 elephants
  A torpor snail (Lair:5)
  7 spiny frogs
  3 gargoyles
  A redback zombie (D:12)
  A queen ant (Lair:7)
  7 komodo dragons
  4 naga magi
  2 yaktaurs
  A tengu conjurer (D:14)
  4 trolls
  2 wind drakes
  3 fire drakes
  A spriggan druid (Lair:8)
  2 wandering mushrooms (Lab)
  2 jumping spiders (Lair:6)
  5 polar bears
  27 merfolk
  Sonja (D:14)
  2 two-headed ogres
  22 blink frogs
  A boulder beetle (Snake:2)
  A hornet zombie (D:14)
  6 snapping turtles
  6 ravens
  2 flying skulls (D:12)
  13 water elementals
  9 redbacks
  2 basilisks
  A trapdoor spider (D:14)
  A wraith (D:12)
  A tarantella (Orc:1)
  3 wyverns
  A shadow (D:12)
  2 hogs (Shoals:4)
  3 fire bats (Lair:7)
  Eustachio (D:7)
  38 yaks
  19 humans
  9 spriggans (Lair:8)
  6 wargs
  A steam dragon (D:9)
  A hungry ghost (D:14)
  14 hippogriffs
  4 vampire mosquitoes
  12 deep elf magi
  Menkaure (D:7)
  24 wolves
  4 ice beasts
  21 soldier ants
  16 nagas
  A necrophage (D:8)
  A spider (Orc:1)
  7 porcupines
  5 wasps
  7 black bears
  26 water moccasins
  5 ogres
  30 orc warriors
  2 phantoms
  5 sky beasts
  A boring beetle (Lair:8)
  9 crocodiles
  Sigmund (D:7)
  4 big kobolds
  23 centaurs
  An earth elemental (Lab)
  Blork the orc (D:7)
  16 giant frogs
  A gnoll sergeant (D:6)
  A wyvern skeleton (D:8)
  3 killer bees (D:14)
  8 jellies
  7 scorpions
  4 crimson imps
  5 electric eels
  4 goliath beetles
  5 centaur zombies
  14 orc priests
  9 human zombies (D:14)
  A wasp zombie (D:6)
  4 giant frog zombies
  7 hounds
  A quasit (D:6)
  12 iguanas
  A centaur skeleton (D:12)
  2 giant frog skeletons
  59 orc wizards
  Natasha (thrice) (D:5)
  2 human skeletons (D:14)
  33 worker ants
  20 sheep
  A giant frog simulacrum (D:12)
  2 hound skeletons
  21 gnolls
  66 river rats
  30 adders
  2 giant mites (D:8)
  5 shadow imps
  2 worms (D:2)
  An adder skeleton (D:6)
  A giant gecko (D:8)
  4 oozes
  179 orcs
  6 ball pythons
  A bat skeleton (D:6)
  A bat zombie (D:6)
  37 goblins
  46 hobgoblins
  23 jackals
  36 kobolds
  15 quokkas
  22 bats
  5 giant cockroaches
  8 giant newts
  2 giant spores
  10 orc zombies (Orc:4)
  16 rats
  6 ballistomycetes
  3 fungi
  A plant (Lair:7)
1425 creatures vanquished.

Vanquished Creatures (collateral kills)
  A mana viper (Snake:3)
  An orc warrior (D:10)
  3 river rats (Lair:8)
  An adder (D:12)
  An orc (D:12)
7 creatures vanquished.

Vanquished Creatures (others)
  A merfolk aquamancer (Shoals:5)
  A black mamba (Snake:3)
  A harpy (Shoals:5)
  2 humans (Shoals:4)
  An orc warrior (Orc:4)
  A centaur (D:13)
  4 orc wizards
  5 sheep (D:9)
  2 orcs (Orc:4)
  A giant spore (D:13)
  An orc zombie (Orc:4)
  2 fungi
  2 plants
  7 tentacles (Shoals:3)
  46 tentacle segments (Shoals:3)
77 creatures vanquished.

Grand Total: 1509 creatures vanquished

Notes
Turn   | Place    | Note
--------------------------------------------------------------
     0 | D:1      | KarvaRausku, the Tengu Gladiator, began the quest for the Orb.
     0 | D:1      | Reached XP level 1. HP: 12/12 MP: 1/1
    66 | D:1      | Reached XP level 2. HP: 8/17 MP: 3/3
   225 | D:1      | Reached skill level 4 in Axes
   392 | D:1      | Reached XP level 3. HP: 9/21 MP: 4/4
   913 | D:2      | Found a glowing silver altar of Zin.
   955 | D:2      | Reached skill level 5 in Axes
  1006 | D:2      | Reached XP level 4. HP: 23/26 MP: 5/5
  2047 | D:3      | Reached skill level 6 in Axes
  2282 | D:3      | Reached XP level 5. HP: 27/30 MP: 7/7
  2419 | D:3      | Found a stormy altar of Qazlal.
  3098 | D:4      | Got an ivory whip
  3099 | D:4      | Identified the +8 whip "Ohounu" {slash, +Blink +Rage Str+4 Int-2} (You found it on level 4 of the Dungeon)
  3270 | D:4      | Reached skill level 1 in Maces & Flails
  3391 | D:4      | Reached XP level 6. HP: 17/35 MP: 8/8
  3881 | D:5      | Entered Level 5 of the Dungeon
  3882 | D:5      | Noticed Pikel
  3899 | D:5      | Killed Pikel
  3899 | D:5      | Reached XP level 7. HP: 27/40 MP: 9/9
  4032 | D:5      | Noticed Natasha
  4040 | D:5      | Killed Natasha
  4040 | D:5      | Reached skill level 7 in Maces & Flails
  4064 | D:5      | Found a deep blue altar of Sif Muna.
  4131 | D:5      | Noticed Natasha
  4138 | D:5      | Killed Natasha
  4139 | D:5      | Noticed Natasha
  4147 | D:5      | Killed Natasha
  4255 | D:5      | Reached XP level 8. HP: 44/44 MP: 11/11
  4316 | D:5      | Found a runed door.
  4389 | D:5      | Got a vibrating copper amulet
  4390 | D:5      | Identified the amulet "Peenoiga" {+Blink rF- Regen+ Str+3 SInv} (You took it off a hobgoblin on level 5 of the Dungeon)
  4442 | D:5      | Reached skill level 8 in Maces & Flails
  4504 | D:5      | Found a runed door.
  4540 | D:5      | Found a staircase to the Ecumenical Temple.
  4583 | Temple   | Entered the Ecumenical Temple
  4668 | Temple   | Became a worshipper of Warmaster Okawaru
  5035 | D:6      | Reached skill level 9 in Maces & Flails
  5415 | D:6      | Found Xekista's Assorted Antiques.
  5544 | D:6      | Acquired Okawaru's first power
  5544 | D:6      | Reached skill level 10 in Maces & Flails
  5726 | D:7      | Noticed Eustachio
  5733 | D:7      | Killed Eustachio
  5733 | D:7      | Reached XP level 9. HP: 48/48 MP: 12/12
  5752 | D:7      | Reached skill level 11 in Maces & Flails
  5887 | D:7      | Noticed Menkaure
  5891 | D:7      | Killed Menkaure
  5892 | D:7      | Found Chummail's Jewellery Emporium.
  5919 | D:7      | Found a flagged portal.
  5944 | D:7      | Reached skill level 12 in Maces & Flails
  5988 | Bailey   | Entered a bailey
  6002 | Bailey   | Gained mutation: Your flesh is cold resistant. [potion of beneficial mutation]
  6205 | Bailey   | Reached skill level 13 in Maces & Flails
  6329 | Bailey   | Noticed an orc warlord
  6329 | Bailey   | Noticed an orc knight
  6332 | Bailey   | Noticed an orc knight
  6332 | Bailey   | Noticed an orc knight
  6366 | Bailey   | Reached XP level 10. HP: 40/53 MP: 13/13
  6419 | Bailey   | Killed an orc knight
  6605 | D:7      | Found a white marble altar of Elyvilon.
  6612 | D:7      | Noticed Sigmund
  6617 | D:7      | Killed Sigmund
  6640 | D:7      | Noticed Blork the orc
  6647 | D:7      | Killed Blork the orc
  6647 | D:7      | Reached skill level 14 in Maces & Flails
  6704 | D:7      | Found a sacrificial altar of Ru.
  6989 | D:7      | Reached skill level 1 in Armour
  7750 | D:8      | Found a radiant altar of Vehumet.
  7754 | D:8      | Found a snail-covered altar of Cheibriados.
  7969 | D:9      | Noticed an elephant
  7979 | D:9      | Reached skill level 5 in Dodging
  8001 | D:9      | Killed an elephant
  8245 | D:9      | Reached XP level 11. HP: 47/61 MP: 15/15
  8371 | D:9      | Found a staircase to the Lair.
  8401 | D:9      | Noticed a hill giant
  8409 | D:9      | Killed a hill giant
  8678 | D:9      | Found a shimmering altar of Xom.
  8759 | D:10     | Entered Level 10 of the Dungeon
  8784 | D:10     | Noticed a hill giant
  8877 | D:10     | Killed a hill giant
  9047 | D:10     | Reached skill level 5 in Fighting
  9137 | D:10     | Noticed a hill giant
  9150 | D:10     | Identified a scroll of acquirement
  9170 | D:10     | Killed a hill giant
  9170 | D:10     | Reached skill level 5 in Armour
  9649 | D:11     | Noticed Fannar
  9674 | D:11     | Noticed KarvaRausku's ghost (powerful TeGl)
 10093 | Lair:1   | Entered Level 1 of the Lair of Beasts
 10209 | Lair:1   | Acquired Okawaru's second power
 10520 | Lair:1   | Reached skill level 15 in Maces & Flails
 10926 | Lair:1   | Received a gift from Okawaru
 11095 | Lair:1   | Reached XP level 12. HP: 55/70 MP: 16/16
 12797 | Lair:3   | Noticed Nergalle
 12813 | Lair:3   | Killed Nergalle
 13006 | Lair:3   | Learned a level 2 spell: Blink
 13812 | D:11     | Killed KarvaRausku's ghost
 13829 | D:11     | Noticed a six-headed hydra
 14194 | Lair:4   | Reached skill level 1 in Translocations
 14208 | Lair:4   | Reached skill level 1 in Spellcasting
 14475 | Lair:4   | Reached skill level 10 in Dodging
 15327 | Lair:5   | Found a staircase to the Shoals.
 15388 | Lair:5   | Got a brightly glowing large shield
 15399 | Lair:5   | Identified the +2 large shield of Sunlight {+Inv rPois rC- Dex+2} (You found it on level 5 of the Lair of Beasts)
 15408 | Lair:5   | Reached XP level 13. HP: 78/78 MP: 21/21
 15591 | Lair:5   | Found a staircase to the Snake Pit.
 15600 | Lair:5   | Received a gift from Okawaru
 16262 | Lair:6   | Found a staircase to the Slime Pits.
 16767 | Lair:6   | Found a hole to the Spider Nest.
 17110 | Lair:7   | Reached skill level 10 in Armour
 17385 | Lair:7   | Found a dark tunnel.
 17408 | Volcano  | Entered a volcano
 17526 | Volcano  | Received a gift from Okawaru
 18135 | Lair:7   | Reached skill level 10 in Fighting
 18319 | Lair:8   | Entered Level 8 of the Lair of Beasts
 18372 | Lair:8   | Reached XP level 14. HP: 81/88 MP: 25/25
 18787 | Lair:8   | Got a crude quarterstaff
 19052 | Lair:8   | Received a gift from Okawaru
 19178 | Lair:8   | Reached skill level 5 in Spellcasting
 19278 | Lair:8   | Received a gift from Okawaru
 19839 | Lair:7   | Identified the +4 quarterstaff "Meateus" {crush, rF++ rN+ Str-3 Int+3 SInv} (You found it on level 8 of the Lair of Beasts)
 20538 | D:11     | Killed a six-headed hydra
 20664 | D:11     | Killed Fannar
 20777 | D:11     | Noticed a hill giant
 20783 | D:11     | Killed a hill giant
 20783 | D:11     | Reached skill level 1 in Shields
 21570 | D:12     | Was placed under penance by Okawaru
 21590 | D:12     | Found a staircase to the Orcish Mines.
 21772 | D:12     | Found a burning altar of Makhleb.
 22006 | D:11     | Noticed a stone giant
 22006 | D:11     | Noticed a frost giant
 22065 | D:11     | Noticed a hill giant
 22268 | D:10     | Noticed a stone giant
 22398 | D:10     | Killed a stone giant
 22469 | D:11     | Was forgiven by Okawaru
 22645 | D:11     | Killed a stone giant
 22743 | D:11     | Killed a frost giant
 23139 | D:12     | Found a deep blue altar of Sif Muna.
 23311 | D:12     | Identified the Disquisition on Lucky Battle Magic
 23322 | D:12     | Identified the Incunabulum of the Harmful Blaze
 23357 | D:12     | Reached XP level 15. HP: 95/95 MP: 28/28
 23428 | D:12     | Identified the Tome of Creative Transmutation
 24174 | D:11     | Killed a hill giant
 24374 | Shoals:1 | Entered Level 1 of the Shoals
 24389 | Snake:1  | Entered Level 1 of the Snake Pit
 26301 | D:14     | Received a gift from Okawaru
 26370 | D:14     | Got a twisted scale mail {god gift}
 26381 | D:14     | Identified the +7 scale mail "Sauhiune" {rF+ Str+6} (Okawaru gifted it to you on level 14 of the Dungeon)
 26445 | D:14     | Noticed Sonja
 26458 | D:14     | Killed Sonja
 26986 | D:14     | Reached skill level 5 in Shields
 27352 | D:14     | Found a gate to the Vaults.
 28000 | Orc:1    | Entered Level 1 of the Orcish Mines
 28032 | Orc:1    | Received a gift from Okawaru
 28570 | Orc:3    | Found a shimmering altar of Xom.
 28601 | Orc:3    | Reached skill level 5 in Translocations
 28638 | Orc:4    | Entered Level 4 of the Orcish Mines
 28737 | Orc:4    | Noticed Maurice
 28758 | Orc:4    | Killed Maurice
 28758 | Orc:4    | Reached XP level 16. HP: 95/103 MP: 29/29
 28816 | Orc:4    | Found Throgu's Armour Emporium.
 28907 | Orc:4    | Found Tonlaoney's Jewellery Boutique.
 29024 | Orc:4    | Found a roughly hewn altar of Beogh.
 29135 | Orc:4    | Found a labyrinth entrance.
 29142 | Orc:4    | Found a staircase to the Elven Halls.
 29152 | Lab      | Entered a labyrinth
 29333 | Lab      | Identified Lehudib's Guide on Clay
 29337 | Lab      | Identified the Guide on Attacks and Augmentations
 29344 | Lab      | Identified the Compendium of Talismans and the Birds (You found it in a labyrinth)
 29609 | Orc:4    | Found Crupege's Magic Scroll Boutique.
 29632 | Orc:4    | Found Piveoj's Jewellery Emporium.
 29647 | Orc:4    | Paralysed by an orc sorcerer for 3 turns
 29811 | Orc:4    | Bought the ring of Shaolin {EV+8} for 1408 gold pieces
 30557 | Temple   | Learned a level 1 spell: Summon Butterflies
 30913 | Snake:1  | Found Axaf's Antique Armour Boutique.
 31033 | Snake:1  | Found Hivios' Antique Weapon Shoppe.
 31483 | Snake:2  | Found Byduyda's Magic Scroll Boutique.
 31539 | Snake:2  | Noticed Rupert
 31635 | Snake:2  | Killed Rupert
 31635 | Snake:2  | Received a gift from Okawaru
 34139 | Shoals:1 | Found Twacouby's General Store.
 34658 | Shoals:2 | Received a gift from Okawaru
 34794 | Shoals:2 | Got an iridescent flail
 34795 | Shoals:2 | Identified the +7 flail of Inference {venom, +Fly rElec MR-} (You found it on level 2 of the Shoals)
 35130 | Shoals:2 | Reached XP level 17. HP: 109/109 MP: 30/30
 35568 | Shoals:3 | Noticed Snorg
 35588 | Shoals:3 | Killed Snorg
 35634 | Shoals:3 | Received a gift from Okawaru
 36336 | Shoals:3 | Reached skill level 15 in Dodging
 36423 | Shoals:3 | Reached skill level 1 in Summonings
 36692 | Shoals:4 | Noticed Asterion
 36698 | Shoals:4 | Noticed a spectral weapon
 36709 | Shoals:4 | Killed Asterion
 36823 | Shoals:4 | Found Asunuhu's Antique Weapon Boutique.
 36827 | Shoals:4 | Noticed Kirke
 36843 | Shoals:4 | Killed Kirke
 36866 | Shoals:4 | Bought a bone war axe for 229 gold pieces
 36870 | Shoals:4 | Identified the +7 war axe of Xoickupnee {freeze, -Cast rPois rN++ SInv} (You bought it in a shop on level 4 of the Shoals)
 36886 | Shoals:4 | Received a gift from Okawaru
 36897 | Shoals:4 | Noticed Frances
 36897 | Shoals:4 | Noticed Norris
 36914 | Shoals:4 | Killed Norris
 36925 | Shoals:4 | Killed Frances
 36925 | Shoals:4 | Received a gift from Okawaru
 37274 | Shoals:4 | Got a pitted ring mail
 37673 | Shoals:5 | Entered Level 5 of the Shoals
 37673 | Shoals:5 | Noticed Ilsuiw
 37687 | Shoals:4 | Identified the cursed -2 ring mail of Urezoilu {rCorr Str-4 Dex+6} (You found it on level 4 of the Shoals)
 37884 | Shoals:5 | Reached skill level 15 in Armour
 37913 | Shoals:5 | Killed Ilsuiw
 37957 | Shoals:5 | Reached XP level 18. HP: 117/117 MP: 31/31
 37963 | Shoals:5 | Noticed Roxanne
 37975 | Shoals:5 | Noticed Aizul
 37983 | Shoals:5 | Killed from afar by Roxanne

Action                   |  1- 3 |  4- 6 |  7- 9 | 10-12 | 13-15 | 16-18 || total
-------------------------+-------+-------+-------+-------+-------+-------++-------
Melee: War axe           |    69 |    94 |       |     3 |       |   195 ||   361
       Whip              |       |    32 |   402 |   969 |  2338 |  1267 ||  5008
       Executioner's axe |       |       |       |    21 |       |       ||    21
       Flail             |       |       |       |       |       |    36 ||    36
Throw: Throwing net      |       |       |     1 |       |     2 |     3 ||     6
Invok: Heroism           |       |       |       |       |       |     1 ||     1
 Abil: Evoke Blink       |       |       |     1 |       |     2 |       ||     3
       Fly               |       |       |     4 |     6 |     5 |     1 ||    16
       Evoke Berserk Rag |       |       |     1 |     5 |     6 |     2 ||    14
       Stop Flying       |       |       |       |       |     2 |       ||     2
Evoke: Wand              |       |       |       |     3 |    17 |    12 ||    32
       Lamp of fire      |       |       |       |       |     1 |       ||     1
  Use: Potion            |       |     1 |     1 |       |     8 |     8 ||    18
       Scroll            |       |       |     3 |    25 |    18 |     7 ||    53
 Stab: Sleeping          |       |     1 |       |       |       |       ||     1
       Held in net/web   |       |       |       |     2 |       |     2 ||     4
       Distracted        |       |       |       |       |     1 |       ||     1
  Eat: Chunk             |       |     9 |    11 |    29 |    39 |    17 ||   105
       Pizza             |       |       |       |     1 |     2 |     1 ||     4
       Royal jelly       |       |       |       |     1 |     1 |       ||     2
       Fruit             |       |       |       |     6 |     3 |     8 ||    17
       Beef jerky        |       |       |       |       |     6 |     2 ||     8
       Bread ration      |       |       |       |       |     1 |       ||     1
       Meat ration       |       |       |       |       |       |     2 ||     2
